Description

Economic Marine Tank Viking build.

VOD

https://www.youtube.com/watch?v=JDvl1GdzBhk&list=WL&index=20&t=0s

Build Order

Get SALT Encoding   

  14  0:22  Supply Depot  
  15  0:39  Refinery  
  16  0:44  Barracks  
  16  0:55  Action  SCV Scout
  19  1:33  Orbital Command  
  19  1:34  Reaper  
  20  1:44  Command Center  
  21  2:00  Reaper  
  22  2:14  Refinery, Supply Depot  
  22  2:20  Factory  
  25  2:39  Reaper  
  26  2:56  Orbital Command  
  27  3:04  Starport, Hellion  
  30  3:14  Barracks Reactor  
  32  3:21  Hellion  
  34  3:30  Supply Depot  
  36  3:40  Starport Tech Lab  
  36  3:46  Factory Tech Lab  
  36  3:52  Marine x2  
  42  4:01  Raven  
  44  4:02  Supply Depot  
  44  4:03  Marine x2  
  46  4:16  Cyclone  
  51  4:20  Command Center  
  57  4:40  Barracks x2  
  57  4:45  Engineering Bay  
  57  4:50  Supply Depot  
  58  4:51  Action  Swap Barracks and Starport
  60  4:56  Siege Tank  
  60  4:57  Refinery x2  
  60  4:59  Stimpack  
  63  5:15  Medivac x2  
  67  5:32  Orbital Command  
  68  5:39  Barracks Reactor x2  
  68  5:40  Supply Depot x2  
  68  5:41  Action  Constant Marine, Tank, Viking
  75  5:45  Engineering Bay  
  75  5:47  Armory  
  80  5:55  Supply Depot x2  
  80  6:00  Terran Infantry Weapons Level 1  
  83  6:04  Action  Take 3rd base
  83  6:09  Barracks x2  
  90  6:38  Supply Depot x2  
  95  6:42  Terran Infantry Armor Level 1, Terran Vehicle Weapons Level 1  
  105  6:59  Combat Shield  
  105  7:00  Barracks Reactor x2  
  115  7:14  Refinery x2  
  115  7:24  Command Center  Expand then Planetary
  115  7:25  Supply Depot x2  
  122  7:46  Terran Infantry Weapons Level 2  
  122  7:53  Barracks x2  
  122  7:55  Factory  
  130  8:17  Supply Depot x2  
  144  8:43  Barracks Reactor x2  
  144  8:44  Factory Tech Lab  
  150  8:45  Terran Infantry Armor Level 2, Terran Vehicle Weapons Level 2  
  150  8:50  Command Center  Expand then Planetary
  154  8:55  Barracks x2  Reactor, Reactor
  154  9:00  Supply Depot x2  
  170  9:20  Supply Depot x2  
  190  9:54  Command Center, Terran Infantry Weapons Level 3  Expand then Planetary
  200  10:00  Barracks x2  Reactor, Reactor
  200  10:01  Terran Infantry Armor Level 3, Terran Vehicle Weapons Level 3  
Spawning Tool Build Advisor. Get it on Overwolf

Analysis

Constant SCV production. Expansion 4+ are planetary fortress. Build 2 Barracks as you expand till at least 16 Barracks. After you max out, add Starport with Reactor and Fusion Core for Liberators. Add on 5 orbitals when rich for scans and mules.

Go to:

Details

  • Created by: Ins
  • Published on: Feb 24, 2020
  • Modified on: Feb 24, 2020
  • Patch: 4.11.0
Show
View Real Time Build Order
Export as new Build Order

Comments (0)

There are no comments. Be the first!

Create an account to comment!